 Dungeon Crawl Stone Soup version 0.32-a0-42-ga30500b4d3 (webtiles) character file.

Game seed: 17917754793676216477

13081 Newt the Fighter (level 12, 0/81 HPs)
             Began as a Gargoyle Monk on Jan 31, 2024.
             Was a High Priest of Okawaru.
             Slain by a troll (5 damage)
             ... on level 11 of the Dungeon.
             The game lasted 00:17:15 (13144 turns).

Newt the Fighter (Gargoyle Monk)                   Turns: 13144, Time: 00:17:15

Health: 0/81       AC: 18    Str: 21    XL:     12   Next: 2%
Magic:  17/17      EV: 12    Int: 12    God:    Okawaru [*****.]
Gold:   285        SH:  5    Dex: 22    Spells: 11/11 levels left

rFire   . . .        a - +8 hand axe of Doom {heavy, rC+ Dex+3}
rCold   + . .        d - orb {light}
rNeg    + + .        N - +0 swamp dragon scales
rPois   ∞            t - +1 hat
rElec   +            (no cloak)
rCorr   +            (no gloves)
SInv    .            (no boots)
Will    .....        w - amulet of reflection
Stlth   +            K - +6 ring of dexterity
HPRegen 0.33/turn    U - ring "Diten" {rElec rN+ rCorr Str+4 Dex-3}
MPRegen 0.15/turn

%: reflection
@: glowing, studying Shields
A: sickness immunity, AC +8, negative energy resistance 1, electricity
resistance, torment resistance 1, petrification resistance, talons 1, camouflage
1, agile 1
a: Renounce Religion, Heroism, Finesse, Duel


You were on level 11 of the Dungeon.
You worshipped Okawaru.
Okawaru was extremely pleased with you.
You visited 2 branches of the dungeon, and saw 12 of its levels.
You also visited: Ossuary and Bailey.

You collected 867 gold pieces.
You spent 582 gold pieces at shops.

Inventory:

Hand Weapons
 a - the +8 hand axe of Doom (weapon) {heavy, rC+ Dex+3}
   (You bought it in a shop on level 10 of the Dungeon)

   Dex+3:     It affects your dexterity (+3).
   rC+:       It protects you from cold.
 J - the +10 rapier of Spores {flame, rPois Dex+8}
   (You found it on level 6 of the Dungeon)

   Dex+8:     It affects your dexterity (+8).
   rPois:     It protects you from poison
 W - the +7 hand axe "Orb Guardian's Curse" {flame, rN+++ MP+9 Str-4 Int-4}
   (You found it in a bailey)

   Str-4:     It affects your strength (-4).
   Int-4:     It affects your intelligence (-4).
   rN+++:     It renders you almost immune to negative energy.
   MP+9:      It affects your magic capacity (+9).
Missiles
 b - an atropa-tipped dart
 l - 4 javelins
 o - 25 poisoned darts
 G - 5 throwing nets
 Q - 3 curare-tipped darts
 R - 4 boomerangs
Armour
 d - an orb of light (worn)
 h - a +2 leather armour of willpower
 t - a +1 hat (worn)
 N - +0 swamp dragon scales (worn)
Jewellery
 c - a ring of ice
 w - an amulet of reflection (around neck)
 K - a +6 ring of dexterity (left hand)
 U - the ring "Diten" (right hand) {rElec rN+ rCorr Str+4 Dex-3}
   (You acquired it in a bailey)

   [ring of resist corrosion]

   Str+4:     It affects your strength (+4).
   Dex-3:     It affects your dexterity (-3).
   rElec:     It insulates you from electricity.
   rN+:       It protects you from negative energy.
   rCorr:     It protects you from acid and corrosion.
 Y - a +4 ring of protection
Wands
 e - a wand of digging (4)
 p - a wand of flame (49) (quivered)
 q - a wand of polymorph (19)
 I - a wand of mindburst (11)
Scrolls
 g - a scroll of enchant armour
 i - a scroll of acquirement
 k - a scroll of torment {unknown}
 s - a scroll of blinking
 x - 4 scrolls of enchant weapon
 B - a scroll of silence
 C - a scroll of brand weapon
 L - 2 scrolls of fear {unknown}
 M - 2 scrolls of summoning
 O - a scroll of immolation
 P - a scroll of teleportation
 T - 2 scrolls of fog {unknown}
 Z - a scroll of revelation
Potions
 f - 3 potions of attraction
 j - a potion of lignification
 m - 3 potions of magic
 n - 2 potions of enlightenment
 r - 2 potions of might
 u - 2 potions of brilliance
 v - 2 potions of mutation
 z - 2 potions of haste
 A - a potion of degeneration
 D - 8 potions of curing
 E - 2 potions of heal wounds
 F - a potion of invisibility
 S - a potion of resistance {unknown}


   Skills:
 + Level 12.2 Fighting
 - Level 7.5 Short Blades
 * Level 3.4(6.0) Axes
 - Level 8.5(8.9) Maces & Flails
 - Level 2.5 Throwing
 - Level 4.0 Armour
 - Level 2.4 Dodging
 - Level 7.4 Invocations
 - Level 4.5 Evocations


You had 11 spell levels left.
You didn't know any spells.
Your spell library contained the following spells:

 Spells                   Type           Power      Damage    Failure   Level
 Apportation              Tloc           0%         N/A       47%         1
 Ensorcelled Hibernation  Hex/Ice        0%         N/A       63%         2
 Jinxbite                 Hex            0%         N/A       63%         2
 Lesser Beckoning         Tloc           0%         N/A       63%         2
 Gell's Gravitas          Tloc           0%         N/A       85%         3
 Passwall                 Erth           0%         N/A       85%         3
 Swiftness                Air            0%         N/A       85%         3
 Teleport Other           Tloc           0%         N/A       85%         3
 Cause Fear               Hex            0%         N/A       99%         4
 Alistair's Intoxication  Alch           0%         N/A       100%        5
 Fireball                 Conj/Fire      0%         3d3       100%        5
 Dragon's Call            Summ           Unusable   N/A       N/A         9

Dungeon Overview and Level Annotations

Branches:
Dungeon (11/15)            Temple (1/1) D:5            Lair (0/5) D:8
Ossuary (visited)          Bailey (visited)
    Orc: D:9-12

Altars:
Ashenzari
Cheibriados
Dithmenos
Elyvilon
Fedhas
Gozag
Hepliaklqana
Kikubaaqudgha
Makhleb
Nemelex Xobeh
Okawaru
Qazlal
Ru
Sif Muna
Trog
Uskayaw
Vehumet
Wu Jian
Xom
Yredelemnul
Zin
The Shining One

Shops:
D:6 :   D:8 !   D:10 (*

Portals:
Trove: D:11 (lose all piety)

Annotations:
D:3 1 runed translucent door, Crazy Yiuf
D:8 3 runed translucent doors, p00ps00p's ghost, novice HOFi


Innate Abilities, Weirdness & Mutations

You are immune to sickness and miasma.
Your stone body is resilient. (AC +8)
You are immune to poison.
You resist negative energy. (rN+)
You are resistant to electric shocks. (rElec)
You are resistant to unholy torment.
You are immune to petrification.
You have sharp toenails.
Your skin changes colour to match your surroundings (Stealth+).
You are agile. (Dex +4, Str/Int -1)


Message History

There are monsters nearby!
You slice the orc wizard!!
You kill the orc wizard!
Okawaru accepts your kill.
A troll comes into view.
You slice the orc!!
You kill the orc!
Okawaru accepts your kill.
Things that are here:
17 gold pieces; a +0 war axe; a +0 ring mail A troll is nearby!
You slice the troll!! You claw the troll.
The troll is severely wounded.
The troll barely misses you.
The troll claws you! x2; The troll bites you!
The troll claws you! The troll claws you but does no damage.
You hit the troll. You claw the troll, but do no damage.
The troll is severely wounded.
The troll bites you. The troll barely misses you. x2
You slash the troll!
The troll is almost dead.
The troll misses you. The troll claws you.
The troll claws you but does no damage. The troll bites you.
The troll claws you but does no damage. The troll misses you.
You are too injured to fight recklessly!
You are too injured to fight recklessly!
Unknown command.
Things that are here:
17 gold pieces; a +0 war axe; a +0 ring mail You barely miss the troll.
The troll is almost dead.
The troll bites you! The troll claws you but does no damage.
The troll claws you!
* * * LOW HITPOINT WARNING * * *
Unknown command.
You hit the troll.
The troll is almost dead.
The troll bites you!
* * * LOW HITPOINT WARNING * * *
The troll claws you.
You die...

##.#)#.##
##.#.#.#.##
##.#.###.#.##
##.#.##.##.#.##
##.#.## #.##.#.##
##.#.##.#.#.##.#.##
##.#.##
#...#.##.#†##
##.#.## #??.T##)#.#
. #.#.##
##.#.@.#.##
.###.#.## ##.#)#.##
...##.#.## ##.#.##
#..###.#.## ##.##
#..# ##.#.## ##
#..# ##.#.## #..##
##.#.##
..>.######.#.##
###......##.#.##


You could see a troll.

Vanquished Creatures
  3 two-headed ogres
  An orc high priest (Bailey)
  Pikel (D:6)
  An ugly thing (D:11)
  2 cyclopes
  Maggie (D:7)
  A gargoyle (D:11)
  2 kobold demonologists
  2 komodo dragons (D:11)
  A troll (D:10)
  A wyvern (D:7)
  12 yaks
  A vampire (D:9)
  A wraith (D:11)
  2 steam dragons
  An acid dragon (D:9)
  3 ice beasts
  2 water moccasins
  2 sky beasts
  6 orc warriors
  2 ogres (D:5)
  A centaur (D:6)
  A lemure (D:6)
  3 phantoms
  2 bullfrogs (D:9)
  A kobold brigand (D:10)
  A gnoll sergeant (D:8)
  4 scorpions
  A troll zombie (Ossuary)
  A burial acolyte (D:5)
  5 wights (D:8)
  9 killer bees
  5 howler monkeys
  4 electric eels
  A centaur zombie (Ossuary)
  2 jellies
  2 gnoll boudas
  4 hounds
  7 orc priests
  A sleepcap (D:5)
  8 iguanas
  6 orc wizards
  3 ogre zombies (Ossuary)
  7 mummies (Ossuary)
  A hound zombie (D:5)
  Robin (D:2)
  30 gnolls
  8 adders
  2 shadow imps (D:5)
  A white imp (D:8)
  5 adder zombies
  2 dart slugs
  A ribbon worm (D:4)
  37 orcs
  4 ball pythons
  5 endoplasms
  5 giant cockroaches
  A gnoll zombie (D:5)
  27 goblins
  17 hobgoblins
  13 kobolds
  2 quokkas
  5 bats
  4 frilled lizards
  6 goblin zombies (Ossuary)
  3 hobgoblin zombies (Ossuary)
  10 kobold zombies
  3 quokka zombies (Ossuary)
  5 rats
  3 rat zombies (Ossuary)
328 creatures vanquished.

Vanquished Creatures (others)
  A killer bee (D:9)
1 creature vanquished.

Grand Total: 329 creatures vanquished

Notes
Turn   | Place    | Note
-------+----------+-------------------------------------------
     0 | D:1      | Newt the Gargoyle Monk began the quest for the Orb.
     0 | D:1      | Reached XP level 1. HP: 14/14 MP: 1/1
    74 | D:1      | Reached XP level 2. HP: 9/19 MP: 2/2
   599 | D:1      | You fall into a shaft and drop 1 floor!
   663 | D:1      | Reached XP level 3. HP: 21/24 MP: 3/3
   677 | D:1      | Noticed a glass eye
   684 | D:1      | Noticed a glass eye
   690 | D:1      | Found a faded altar of an unknown god.
   692 | D:1      | Noticed an eye of devastation
   692 | D:1      | Noticed a golden eye
  1347 | D:2      | Reached skill level 4 in Fighting
  1439 | D:2      | Noticed Robin
  1460 | D:3      | Reached XP level 4. HP: 23/29 MP: 4/4
  1488 | D:2      | Killed Robin
  1573 | D:2      | Found a basalt altar of Yredelemnul.
  2155 | D:3      | Found a runed translucent door.
  2156 | D:3      | Noticed Crazy Yiuf
  2278 | D:3      | Reached XP level 5. HP: 15/34 MP: 5/5
  2280 | D:3      | Reached skill level 5 in Maces & Flails
  2536 | D:3      | Found a basalt altar of Yredelemnul.
  2972 | D:4      | Reached XP level 6. HP: 34/40 MP: 6/6
  3044 | D:4      | Found a bloodstained altar of Trog.
  3047 | D:4      | Reached skill level 5 in Fighting
  3683 | D:5      | Entered Level 5 of the Dungeon
  3702 | D:5      | Found a staircase to the Ecumenical Temple.
  3710 | D:5      | Reached XP level 7. HP: 33/44 MP: 7/7
  3720 | Temple   | Entered the Ecumenical Temple
  3746 | Temple   | Became a worshipper of Warmaster Okawaru
  3746 | Temple   | Reached * piety under Okawaru
  3746 | Temple   | Reached ** piety under Okawaru
  3826 | D:5      | Reached skill level 6 in Fighting
  3879 | D:5      | Reached XP level 8. HP: 17/52 MP: 6/8
  4039 | D:5      | Found an ancient bone altar of Kikubaaqudgha.
  4127 | D:5      | Found a sand-covered staircase.
  4137 | Ossuary  | Entered an ossuary
  4687 | Ossuary  | Reached skill level 7 in Fighting
  5215 | D:5      | Identified a scroll of acquirement
  5218 | D:5      | Acquired an amulet of reflection
  5298 | D:5      | Reached skill level 1 in Armour
  5301 | D:5      | Reached *** piety under Okawaru
  5515 | D:5      | Found the +7 staff of the Meek {protect, meekguard}
  5802 | D:5      | Found a glowing silver altar of Zin.
  6077 | D:6      | Reached skill level 1 in Throwing
  6077 | D:6      | Reached XP level 9. HP: 45/59 MP: 9/9
  6462 | D:6      | Reached skill level 8 in Fighting
  6474 | D:6      | Identified the +10 rapier of Spores {flame, rPois Dex+8}
  6498 | D:6      | Noticed Pikel
  6512 | D:6      | Killed Pikel
  6630 | D:6      | Reached **** piety under Okawaru
  6709 | D:6      | Found a shadowy altar of Dithmenos.
  6842 | D:6      | Found Pisa's Tiny Tomes.
  7038 | D:7      | Gained mutation: You are agile. (Dex +4, Str/Int -1)
                  | [potion of mutation]
  7038 | D:7      | Gained mutation: Your magical capacity is low. (-10% MP)
                  | [potion of mutation]
  7038 | D:7      | Gained mutation: You have a pair of small antennae on your
                  | head. [potion of mutation]
  7038 | D:7      | Gained mutation: You have sharp toenails. [potion of
                  | mutation]
  7135 | D:7      | Reached skill level 9 in Fighting
  7141 | D:7      | Noticed Maggie
  7161 | D:7      | Killed Maggie
  7162 | D:7      | Reached skill level 5 in Short Blades
  7287 | D:7      | Reached ***** piety under Okawaru
  7400 | D:7      | Reached XP level 10. HP: 66/66 MP: 9/9
  7799 | D:8      | Found a runed translucent gate.
  7799 | D:8      | Found a runed translucent gate.
  7799 | D:8      | Found a runed translucent gate.
  7800 | D:8      | Found an opulent altar of Gozag.
  7802 | D:8      | Noticed a cyclops
  7802 | D:8      | Noticed an ogre mage
  7802 | D:8      | Noticed p00ps00p's ghost (novice HOFi)
  8103 | D:8      | Found a snail-covered altar of Cheibriados.
  8165 | D:8      | Found a staircase to the Lair.
  8206 | D:8      | Reached skill level 10 in Fighting
  8354 | D:8      | Found Jeulesm's Distillery.
  8362 | D:8      | Noticed a two-headed ogre
  8375 | D:8      | Killed a two-headed ogre
  8377 | D:8      | Received a gift from Okawaru
  8385 | D:8      | Bought a potion of heal wounds for 60 gold pieces
  8385 | D:8      | Bought a potion of heal wounds for 60 gold pieces
  8709 | D:9      | Noticed a kobold demonologist
  8710 | D:9      | Noticed a two-headed ogre
  8717 | D:9      | Noticed a sun demon
  9223 | D:9      | Killed a two-headed ogre
  9227 | D:9      | Killed a kobold demonologist
  9293 | D:9      | HP: 3/68 [acid dragon/splash of acid (25)]
  9305 | D:9      | Reached XP level 11. HP: 28/73 MP: 12/12
  9952 | D:9      | Found a hide-covered altar of Uskayaw.
 10002 | D:9      | Found a shimmering altar of Xom.
 10589 | D:10     | Entered Level 10 of the Dungeon
 10617 | D:9      | Reached skill level 11 in Fighting
 10617 | D:9      | Reached skill level 5 in Invocations
 10654 | D:10     | Found Huzorou's Serpentskin Sales.
 10682 | D:10     | Noticed a cyclops
 10691 | D:10     | Killed a cyclops
 10703 | D:10     | Found a flagged portal.
 10715 | Bailey   | Entered a bailey
 10785 | Bailey   | Noticed an orc high priest
 10791 | Bailey   | Killed an orc high priest
 10791 | Bailey   | Received a gift from Okawaru
 10897 | Bailey   | Found an iron altar of Okawaru.
 11272 | Bailey   | Identified the +7 hand axe "Orb Guardian's Curse" {flame,
                  | rN+++ MP+9 Str-4 Int-4}
 11296 | Bailey   | Acquired the ring "Diten" {rElec rN+ rCorr Str+4 Dex-3}
 11859 | D:10     | Noticed a two-headed ogre
 11867 | D:10     | Killed a two-headed ogre
 12071 | D:10     | Found Qoclat's Antique Weapon Shop.
 12079 | D:10     | Bought an encrusted war axe for 238 gold pieces
 12079 | D:10     | Identified the +5 war axe of the Maze {freeze, rF+ rCorr}
                  | (You bought it in a shop on level 10 of the Dungeon)
 12079 | D:10     | Bought a slimy hand axe for 224 gold pieces
 12079 | D:10     | Identified the +8 hand axe of Doom {heavy, rC+ Dex+3} (You
                  | bought it in a shop on level 10 of the Dungeon)
 12089 | D:10     | Acquired a manual of Shields
 12175 | D:11     | Noticed a cyclops
 12472 | D:11     | Killed a cyclops
 12472 | D:11     | Received a gift from Okawaru
 12473 | D:11     | Reached skill level 1 in Axes
 12548 | D:11     | Noticed a green ugly thing
 12559 | D:11     | Killed a green ugly thing
 12560 | D:11     | Reached skill level 12 in Fighting
 12729 | D:11     | Lost mutation: You have a pair of small antennae on your
                  | head. [potion of mutation]
 12729 | D:11     | Lost mutation: You have sharp toenails. [potion of
                  | mutation]
 12729 | D:11     | Gained mutation: You are occasionally teleported next to
                  | monsters. [potion of mutation]
 12729 | D:11     | Gained mutation: You are partially covered in iridescent
                  | scales. (AC +2) [potion of mutation]
 12729 | D:11     | Gained mutation: You do not regenerate when monsters are
                  | visible. [potion of mutation]
 12729 | D:11     | Gained mutation: You are very agile. (Dex +8, Str/Int -2)
                  | [potion of mutation]
 12730 | D:11     | Lost mutation: You are partially covered in iridescent
                  | scales. (AC +2) [potion of mutation]
 12730 | D:11     | Lost mutation: You do not regenerate when monsters are
                  | visible. [potion of mutation]
 12730 | D:11     | Gained mutation: You have sharp toenails. [potion of
                  | mutation]
 12731 | D:11     | Lost mutation: You are occasionally teleported next to
                  | monsters. [potion of mutation]
 12731 | D:11     | Lost mutation: Your magical capacity is low. (-10% MP)
                  | [potion of mutation]
 12731 | D:11     | Lost mutation: You are very agile. (Dex +8, Str/Int -2)
                  | [potion of mutation]
 12731 | D:11     | Gained mutation: Your skin changes colour to match your
                  | surroundings (Stealth+). [potion of mutation]
 12762 | D:11     | Found a portal to a secret trove of treasure.
 13124 | D:11     | Reached XP level 12. HP: 81/81 MP: 17/17
 13144 | D:11     | Slain by a troll

Illustrated notes

Levels and vault maps discovered:
D:1:      roadster_arrival_rocket_large, layout_basic,
          hellmonk_ecumenical_altar_watching_god, minmay_liquid_box,
          minmay_stone_trees_medium
D:2:      layout_loops_corners, basic_altar, kennysheep_generic_room_10,
          uniq_robin
D:3:      layout_basic, yredelemnul_altar_generic, serial_glass,
          glass_columns_a, glass_columns_a, uniq_crazy_yiuf_cottage
D:4:      layout_loops_cross, lemuel_tele_altar, kennysheep_small_spiral,
          due_unseen_surprise
D:5:      layout_cave_pools, zin_scriptorium,
          regret_index_kikubaaqudgha_part_by_part,
          minmay_temple_entry_mini_moons, chequers_ossuary_entry_cave,
          mrwooster_statue_mirror
D:6:      layout_basic, marbit_many_paths, nicolae_shop_i_like_small_books_too,
          uniq_pikel
D:7:      layout_gridville, minmay_misc_feat_more_columns, uniq_maggie
D:8:      layout_gridville, lemuel_doored_altar, lair_entry_dummy,
          ebering_ghost_gozag, dreamdust_wishing_well, minmay_shop_grid_forest,
          serial_bayou_lagoon_a
D:9:      layout_loops_ring, nicolae_overflow_crystal_walls, xom_teletrap_fun,
          columned_hall_lemuel, minmay_misc_feat_alley
D:10:     layout_rooms, enter_bailey_3, serial_shops, shop, guppyfry_shop_venom
D:11:     minmay_inner_zag, layout_basic, david_orc_3, enter_trove_1,
          serial_shops, nicolae_shop_tiny_waterfront, nicolae_vehumet_radiance
Temple:   nicolae_temple_superstar

Skill      XL: |  1  2  3  4  5  6  7  8  9 10 11 |
---------------+----------------------------------+-----
Maces & Flails | 4 5 6 7 8 |  8.5
Fighting       | 4 5 6 7 9 10 12 | 12.2
Armour         | 4 |  4.0
Throwing       | 1 2 |  2.5
Short Blades   | 5 7 |  7.5
Invocations    | 3 7 |  7.4
Evocations     | 3 4 |  4.5
Axes           | 3 |  3.4
Dodging        | |  2.4

Action                     |  1- 3 |  4- 6 |  7- 9 | 10-12 || total
---------------------------+-------+-------+-------+-------++-------
  Melee: Mace              |    89 |    76 |       |       ||   165
         Whip              |       |    78 |   341 |       ||   419
         Rapier            |       |       |    53 |   282 ||   335
         Kick              |       |       |     6 |   124 ||   130
         Unarmed           |       |       |     5 |       ||     5
         Hand axe          |       |       |       |    41 ||    41
  Throw: Javelin           |       |     3 |     1 |       ||     4
         Throwing net      |       |       |       |     1 ||     1
 Invoke: Heroism           |       |       |     2 |       ||     2
  Evoke: Wand              |       |     1 |     4 |     2 ||     7
    Use: Scroll            |     4 |     7 |    10 |    10 ||    31
         Potion            |       |     2 |     5 |     6 ||    13
   Stab: Sleeping          |       |       |     1 |       ||     1
 Armour: Robe              |    66 |    86 |   121 |       ||   273
         Skin              |       |       |    22 |       ||    22
         Steam dragon scal |       |       |    12 |       ||    12
         Swamp dragon scal |       |       |     5 |   308 ||   313
  Dodge: Dodged            |    48 |   108 |   164 |   233 ||   553

Table legend: (Time is in decaauts)
 A = Elapsed time spent in this place.
 B = Non-inter-level travel time spent in this place.
 C = Inter-level travel time spent in this place.
 D = Time resting spent in this place.
 E = Time spent auto-exploring this place.
 F = Levels seen in this place.
 G = Mean time per level.
                   A        B        C        D        E       F      G
               +--------+--------+--------+--------+--------+-----+--------+
         Total |  13060 |  12665 |    395 |   3639 |   6872 |  14 |  932.9 |
       Dungeon |  11114 |  10751 |    363 |   2611 |   6347 |  11 | 1010.4 |
        Temple |     33 |      1 |     32 |      0 |      0 |   1 |   33.0 |
       Ossuary |   1023 |   1023 |      0 |    604 |    233 |   1 | 1023.0 |
        Bailey |    888 |    888 |      0 |    424 |    292 |   1 |  888.0 |
               +--------+--------+--------+--------+--------+-----+--------+

Top non-repeatable levels by time:
     D:8: 1709 daAuts
     D:9: 1195 daAuts
     D:2: 1122 daAuts
     D:5: 1104 daAuts
     D:6: 1031 daAuts
 Ossuary: 1023 daAuts
     D:3: 934 daAuts
    D:10: 923 daAuts
  Bailey: 888 daAuts
     D:1: 875 daAuts
     D:4: 777 daAuts
    D:11: 726 daAuts
     D:7: 712 daAuts
  Temple: 33 daAuts
